 Dungeon Sprint DCSS version 0.29-a0-973-gac7da5f7f0 (webtiles) character file.

Game seed: 4490088057207225604

39589 rocky1 the End of an Era (level 13, -1/117 HPs)
             Began as a Demonspawn Monk on July 29, 2022.
             Was the Champion of Qazlal.
             Slain by Donald
             ... wielding the +9 sword of Zonguldrok {reap}
              (12 damage)
             ... in the Dungeon (Sprint VII: "The Pits") on Aug 1, 2022.
             The game lasted 00:18:04 (4772 turns).

rocky1 the End of an Era (Demonspawn Monk)          Turns: 4772, Time: 00:18:04

Health: -1/117     AC: 14    Str: 12    XL:     13   Next: 70%
Magic:  0/29       EV: 12    Int: 15    God:    Qazlal [******]
Gold:   62         SH:  8    Dex: 20    Spells: 12/12 levels left

rFire   . . .      SeeInvis .   b - +4 great sword
rCold   + . .      Faith    .   (shield currently unavailable)
rNeg    . . .      Spirit   +   J - +3 plate armour {rC+}
rPois   .          Reflect  .   K - +1 helmet
rElec   .          Harm     .   G - +1 cloak
rCorr   .          Rampage  .   v - +0 pair of gloves
Will    .....      NoTele   +   H - +1 pair of boots
Stlth   ..........              (no amulet)
HPRegen 0.29/turn               q - +3 ring of intelligence
MPRegen 0.42/turn               p - +3 ring of evasion

@: protected from physical damage, corroded, repel missiles
A: claws 2, icy blue scales 1, spiny 2, magic shield, magic regeneration
a: Renounce Religion, Upheaval, Elemental Force, Disaster Area


You were in the Dungeon.
You worshipped Qazlal.
Qazlal was exalted by your worship.
You visited 1 branch You collected 62 gold pieces.

Inventory:

Hand Weapons
 b - a +4 great sword (weapon)
 D - a +1 great sword of flaming
 F - a +5 quick blade
 L - the +11 plutonium sword {Contam Stlth-}
   (You found it in the Dungeon)

   It occasionally inflicts wild transmutation effects on those it strikes,
   inflicting malmutation or extra damage, or polymorphing them into a new form.
   Contam:    It causes magical contamination when unequipped.
   Stlth:     It makes you less stealthy.
 M - a +3 vampiric demon blade
Missiles
 C - 6 javelins (quivered)
Armour
 u - a +4 chain mail
 v - a +0 pair of gloves (worn)
 G - a +1 cloak (worn)
 H - a +1 pair of boots (worn)
 I - a +3 ring mail of fire resistance
 J - a +3 plate armour of cold resistance (worn)
 K - a +1 helmet (worn)
 N - a +1 tower shield
 O - a +0 buckler
Jewellery
 p - a +3 ring of evasion (right hand)
 q - a +3 ring of intelligence (left hand)
 w - a ring of fire
 B - a ring of willpower
 E - an amulet of faith
Wands
 j - a wand of flame (20)
 o - a wand of polymorph (11)
Scrolls
 i - 2 scrolls of blinking
 l - 5 scrolls of amnesia
 m - a scroll of summoning
 x - 2 scrolls of enchant armour
 y - 2 scrolls of butterflies
 z - 2 scrolls of fear
 A - a scroll of identify
Potions
 a - a potion of attraction
 c - 2 potions of ambrosia
 d - 13 potions of curing
 e - a potion of resistance
 f - 2 potions of haste
 g - 3 potions of magic
 h - a potion of berserk rage
 k - 2 potions of invisibility
 n - 10 potions of heal wounds
 r - 4 potions of might
 s - 3 potions of brilliance
 t - a potion of mutation


   Skills:
 + Level 15.8 Fighting
 + Level 18.0 Long Blades
 + Level 14.3 Armour
 + Level 14.6 Dodging
 - Level 1.7 Stealth
 + Level 1.9 Shields
 + Level 24.1 Invocations


You had 12 spell levels left.
You didn't know any spells.
Your spell library contained the following spells:

 Spells                   Type           Power      Damage    Failure   Level
 Static Discharge         Conj/Air       0%         3-3/arc   100%        2
 Lightning Bolt           Conj/Air       0%         1d11      100%        5
 Maxwell's Capacitive Co  Air            0%         ∞         100%        8


Dungeon Overview and Level Annotations

Branches:
Dungeon (1/1)

Altars:
Ashenzari
Cheibriados
Dithmenos
Fedhas
Gozag
Hepliaklqana
Kikubaaqudgha
Makhleb
Nemelex Xobeh
Okawaru
Qazlal
Ru
Sif Muna
Trog
Uskayaw
Vehumet
Wu Jian
Xom
Yredelemnul
Jiyva
Lugonu

Annotations:
D Donald


Innate Abilities, Weirdness & Mutations

You have very sharp fingernails.
You are partially covered in icy blue scales. (AC +2)
You are mostly covered in sharp spines.
When hurt, damage is shared between your health and your magic reserves.
You regenerate magic rapidly.


Message History

You block the kobold brigand's attack. Donald blocks your attack.
Donald is heavily wounded.
You block Donald's attack.
The kobold brigand is struck by lightning.
You block the kobold brigand's attack. Donald blocks your attack.
Donald is heavily wounded.
Donald hits you with the +9 sword of Zonguldrok {reap}!!!
You feel more protected from physical attacks.
Donald hits you with the +9 sword of Zonguldrok {reap}!!
* * * LOW HITPOINT WARNING * * *
You hit Donald but do no damage.
Donald is heavily wounded.
The kobold brigand is struck by lightning.
You kill the kobold brigand!
Qazlal accepts your kill. Donald is struck by your spines.
Donald hits you with the +9 sword of Zonguldrok {reap}.
* * * LOW HITPOINT WARNING * * *
You feel more protected from physical attacks.
You feel much better. Donald barely misses you.
A great orb of eyes comes into view.
Unknown command.
You hit Donald.
Donald is heavily wounded.
Donald hits you with the +9 sword of Zonguldrok {reap}!!
* * * LOW HITPOINT WARNING * * *
You feel more protected from physical attacks.
Donald completely misses you.
Unknown command.
Blink to where?
Press: ? - help, Dir - move target
As you read the scroll of blinking, it crumbles to dust.
You don't have enough magic at the moment.
Donald is engulfed in blazing flames.
Magic courses through your body. Donald closely misses you.
Donald attacks as you move away!
Donald hits you with the +9 sword of Zonguldrok {reap}!!
You die...

######..##..#.. #.#○.##.....
#'..##..... #.#°.####++# #y
#.4####++# #e #..##.)...
###############..##.#+## #####
.........°...))..##.#.)' ___.#
.....§.@@.G†.....##.+))# ___.#
######++###########.#÷[+
_...###########++###########.+.|#
###'##................##..##.##+#
))'.##......#..#......##..##. .
###.##................''..# #
.)...+................''..#######
+#####......#..#......##...))....
)#..##................##.....))..


You could see Donald (fast, strong) and a great orb of eyes.

Vanquished Creatures
  2 fire giants (D)
  2 orc warlords (D)
  A spriggan defender (D)
  A deep elf annihilator (D)
  A minotaur (D)
  Josephine (D)
  A vault guard (D)
  A hydra (D)
  A catoblepas (D)
  A two-headed ogre (D)
  3 alligators (D)
  2 naga warriors (D)
  4 death yaks (D)
  An orc high priest (D)
  5 deep elf knights (D)
  5 skeletal warriors (D)
  A deep troll (shapeshifter) (D)
  A sea snake (D)
  A deep elf pyromancer (D)
  11 orc knights (D)
  A phantasmal warrior (D)
  A necromancer (D)
  An orc sorcerer (D)
  A black mamba (D)
  A rust devil (D)
  A smoke demon (D)
  3 orange demons (D)
  2 gargoyles (D)
  2 ice devils (D)
  An efreet (D)
  A komodo dragon (D)
  A hellwing (D)
  A troll (D)
  A guardian mummy (D)
  A red devil (D)
  A wind drake (D)
  10 dream sheep (D)
  A flying skull (D)
  A jumping spider (D)
  5 wraiths (D)
  A shadow (D)
  A steam dragon (D)
  11 yaks (D)
  A basilisk (shapeshifter) (D)
  2 wargs (D)
  2 orc warriors (D)
  A black bear (D)
  2 ice beasts (D)
  2 swamp drakes (D)
  A phantom (D)
  2 wolves (D)
  2 centaurs (D)
  A kobold brigand (D)
  A necrophage (D)
  A scorpion (D)
  An earth elemental (D)
  A gnoll sergeant (D)
  3 wights (D)
  3 killer bees (D)
  A hound (D)
  A gnoll bouda (D)
  2 orc priests (D)
  An iron imp (D)
  2 iguanas (D)
  A hell rat (D)
  Ijyb (D)
  8 gnolls (D)
  An adder (D)
  An adder zombie (D)
  An adder skeleton (D)
  5 orcs (D)
  A bat skeleton (D)
  2 endoplasms (D)
  2 goblins (D)
  A hobgoblin (D)
  2 kobolds (D)
  A ball python (D)
  2 ball python simulacra (D)
  A frilled lizard (D)
  A jackal skeleton (D)
  A jackal zombie (D)
161 creatures vanquished.

Vanquished Creatures (collateral kills)
  Sonja (D)
  A basilisk (D)
  3 orcs (D)
5 creatures vanquished.

Grand Total: 166 creatures vanquished

Notes
Turn   | Place    | Note
-------+----------+-------------------------------------------
     0 | D        | rocky1 the Demonspawn Monk began the quest for the Orb.
     0 | D        | Reached XP level 1. HP: 18/18 MP: 1/1
    19 | D        | Found a bloodstained altar of Trog.
    19 | D        | Found a shimmering blue altar of Sif Muna.
    19 | D        | Found a viscous altar of Jiyva.
    19 | D        | Found a hazy altar of Hepliaklqana.
    19 | D        | Found an opulent altar of Gozag.
    20 | D        | Found a basalt altar of Yredelemnul.
    20 | D        | Found a shimmering altar of Xom.
    20 | D        | Found an ornate altar of the Wu Jian Council.
    20 | D        | Found a sacrificial altar of Ru.
    20 | D        | Found a stormy altar of Qazlal.
    20 | D        | Found an iron altar of Okawaru.
    20 | D        | Found a sparkling altar of Nemelex Xobeh.
    20 | D        | Found a burning altar of Makhleb.
    20 | D        | Found a blossoming altar of Fedhas.
    20 | D        | Found a shadowy altar of Dithmenos.
    20 | D        | Found a snail-covered altar of Cheibriados.
    23 | D        | Found a corrupted altar of Lugonu.
    23 | D        | Found a radiant altar of Vehumet.
    24 | D        | Found an ancient bone altar of Kikubaaqudgha.
    24 | D        | Found a hide-covered altar of Uskayaw.
    24 | D        | Found a broken altar of Ashenzari.
    27 | D        | Became a worshipper of Qazlal Stormbringer
    27 | D        | Reached * piety under Qazlal
    27 | D        | Reached ** piety under Qazlal
   255 | D        | Reached skill level 3 in Invocations
   255 | D        | Gained mutation: You have sharp fingernails. [demonic
                  | ancestry]
   255 | D        | Reached XP level 2. HP: 24/24 MP: 1/4
   316 | D        | Reached *** piety under Qazlal
   332 | D        | Reached skill level 4 in Invocations
   337 | D        | Reached **** piety under Qazlal
   338 | D        | Reached skill level 5 in Long Blades
   338 | D        | Reached skill level 6 in Invocations
   338 | D        | Gained mutation: You have very sharp fingernails. [demonic
                  | ancestry]
   338 | D        | Reached XP level 3. HP: 22/29 MP: 4/7
   668 | D        | Noticed Ijyb
   668 | D        | Noticed an ice beast
   668 | D        | Noticed an ice beast
   674 | D        | Killed an ice beast
   675 | D        | Reached skill level 9 in Invocations
   675 | D        | Gained mutation: You are partially covered in sharp spines.
                  | [demonic ancestry]
   675 | D        | Reached XP level 4. HP: 35/35 MP: 1/10
   675 | D        | Reached XP level 5. HP: 41/41 MP: 1/11
   698 | D        | Killed an ice beast
   699 | D        | Reached skill level 10 in Invocations
   720 | D        | Killed Ijyb
   721 | D        | Reached skill level 11 in Invocations
   830 | D        | Noticed a warg
   843 | D        | Killed a warg
   843 | D        | Reached ***** piety under Qazlal
   844 | D        | Reached skill level 12 in Invocations
   844 | D        | Reached XP level 6. HP: 26/47 MP: 11/15
  1202 | D        | Reached skill level 10 in Long Blades
  1202 | D        | Reached skill level 13 in Invocations
  1204 | D        | Noticed an orange demon
  1207 | D        | Killed an orange demon
  1208 | D        | Reached skill level 14 in Invocations
  1208 | D        | Reached XP level 7. HP: 45/52 MP: 6/17
  1391 | D        | Reached skill level 15 in Invocations
  1589 | D        | Noticed an ice devil
  1589 | D        | Noticed a guardian mummy
  1591 | D        | Killed an ice devil
  1592 | D        | Gained mutation: You regenerate magic rapidly. [demonic
                  | ancestry]
  1592 | D        | Reached XP level 8. HP: 60/60 MP: 12/19
  1602 | D        | Killed a guardian mummy
  1810 | D        | Noticed a dream sheep
  1810 | D        | Noticed a dream sheep
  1810 | D        | Noticed a dream sheep
  1810 | D        | Noticed a dream sheep
  1810 | D        | Noticed a black mamba
  1811 | D        | Killed a dream sheep
  1811 | D        | Killed a dream sheep
  1812 | D        | Reached skill level 5 in Fighting
  1812 | D        | Reached skill level 16 in Invocations
  1812 | D        | Killed a dream sheep
  1812 | D        | Killed a dream sheep
  1813 | D        | Reached skill level 5 in Dodging
  1813 | D        | Gained mutation: You are mostly covered in sharp spines.
                  | [demonic ancestry]
  1813 | D        | Reached XP level 9. HP: 69/69 MP: 13/21
  1816 | D        | Killed a black mamba
  1817 | D        | Reached skill level 5 in Armour
  2033 | D        | Noticed a death yak
  2033 | D        | Noticed a death yak
  2035 | D        | Noticed a death yak
  2040 | D        | Reached skill level 17 in Invocations
  2040 | D        | Killed a death yak
  2040 | D        | Killed a death yak
  2040 | D        | Noticed a sea snake
  2042 | D        | Noticed a death yak
  2051 | D        | Killed a death yak
  2051 | D        | Reached ****** piety under Qazlal
  2052 | D        | Gained mutation: When hurt, damage is shared between your
                  | health and your magic reserves. [demonic ancestry]
  2052 | D        | Reached XP level 10. HP: 81/81 MP: 15/22
  2057 | D        | Killed a sea snake
  2058 | D        | Reached skill level 18 in Invocations
  2075 | D        | Noticed an orange demon
  2081 | D        | Killed a death yak
  2085 | D        | Killed an orange demon
  2300 | D        | Upgraded the game from 0.29-a0-925-g0a7a3d12f8 to
                  | 0.29-a0-973-gac7da5f7f0
  2307 | D        | Noticed Josephine
  2312 | D        | Reached skill level 19 in Invocations
  2312 | D        | Killed Josephine
  2313 | D        | Reached skill level 10 in Fighting
  2313 | D        | Gained mutation: You are partially covered in icy blue
                  | scales. (AC +2) [demonic ancestry]
  2313 | D        | Reached XP level 11. HP: 77/91 MP: 15/24
  2379 | D        | Noticed a two-headed ogre
  2394 | D        | Reached skill level 10 in Dodging
  2397 | D        | Killed a two-headed ogre
  2510 | D        | Noticed Sonja
  2510 | D        | Noticed an orc knight
  2518 | D        | Killed Sonja
  2519 | D        | Reached skill level 15 in Long Blades
  2519 | D        | Reached skill level 20 in Invocations
  2520 | D        | Reached skill level 10 in Armour
  2545 | D        | Killed an orc knight
  2781 | D        | Noticed a deep elf pyromancer
  2781 | D        | Noticed a seven-headed hydra
  2784 | D        | Killed a seven-headed hydra
  2784 | D        | Killed a deep elf pyromancer
  2976 | D        | Noticed an orc sorcerer
  2977 | D        | Killed an orc sorcerer
  2977 | D        | Noticed an orc high priest
  2979 | D        | Reached XP level 12. HP: 100/103 MP: 19/26
  2983 | D        | Killed an orc high priest
  2984 | D        | Reached skill level 21 in Invocations
  2989 | D        | Noticed a minotaur
  2995 | D        | Noticed an alligator
  3001 | D        | Killed a minotaur
  3009 | D        | Killed an alligator
  3194 | D        | Noticed an alligator
  3194 | D        | Noticed a fire giant
  3194 | D        | Noticed a spriggan defender
  3197 | D        | Killed an alligator
  3197 | D        | Killed a spriggan defender
  3197 | D        | Killed a fire giant
  3198 | D        | Reached skill level 22 in Invocations
  3575 | D        | Noticed an alligator
  3584 | D        | Killed an alligator
  3769 | D        | Noticed an orc warlord
  3770 | D        | Noticed an orc warlord
  3771 | D        | Killed an orc warlord
  3771 | D        | Killed an orc warlord
  3772 | D        | Reached XP level 13. HP: 102/114 MP: 15/28
  3840 | D        | Reached skill level 23 in Invocations
  3866 | D        | Reached skill level 15 in Fighting
  4180 | D        | Noticed a fire giant
  4186 | D        | Killed a fire giant
  4546 | D        | Reached skill level 24 in Invocations
  4549 | D        | Found the +11 plutonium sword {Contam Stlth-}
  4702 | D        | Noticed a deep elf annihilator
  4724 | D        | Reached skill level 1 in Shields
  4725 | D        | Killed a deep elf annihilator
  4750 | D        | Noticed Donald
  4772 | D        | Slain by Donald

Illustrated notes

Levels and vault maps discovered:
D:        pitsprint [storerooms_1, entrance_room_1, metal_vault_1, armoury_2,
          mini_pit_1, grid_room_1, main_hall_1, silver_pit, the_coven_1,
          the_vestibule_1, steel_vault_3, golden_pit, hallway_of_sentries,
          crystal_vault_4, iron_vault_2, final_vault]

Skill      XL: |  1  2  3  4  5  6  7  8  9 10 11 12 13 |
---------------+----------------------------------------+-----
Long Blades    | 4 5 7 9 11 12 13 14 15 17 18 | 18.0
Invocations    | 3 6 9 12 14 15 16 17 19 20 22 24 | 24.1
Armour         | 2 4 6 8 10 13 14 | 14.3
Dodging        | 3 5 7 9 11 13 14 | 14.6
Fighting       | 5 8 10 12 14 15 | 15.8
Shields        | 1 |  1.9
Stealth        | |  1.7

Action                   |  1- 3 |  4- 6 |  7- 9 | 10-12 | 13-15 || total
-------------------------+-------+-------+-------+-------+-------++-------
Melee: Falchion          |    22 |    26 |    46 |   106 |       ||   200
       Unarmed           |       |    16 |       |       |       ||    16
       Punch             |       |     1 |     2 |     2 |       ||     5
       Great sword       |       |       |       |    67 |    57 ||   124
Invok: Upheaval          |     2 |     5 |     7 |     8 |     6 ||    28
       Disaster Area     |       |       |       |     3 |     1 ||     4
       Elemental Force   |       |       |       |     1 |       ||     1
  Use: Potion            |     2 |       |     1 |       |     2 ||     5
       Scroll            |       |       |       |       |     1 ||     1
 Stab: Distracted        |       |       |       |     1 |       ||     1
Armor: Robe              |     4 |       |       |       |       ||     4
       Chain mail        |       |    10 |     9 |    54 |     5 ||    78
       Plate armour      |       |       |       |       |    22 ||    22
Dodge: Dodged            |     7 |    14 |     6 |    80 |    30 ||   137
       Repelled          |       |       |       |     3 |       ||     3
Block: Other             |     1 |    11 |    10 |    59 |    29 ||   110

Table legend: (Time is in decaauts)
 A = Elapsed time spent in this place.
 B = Non-inter-level travel time spent in this place.
 C = Inter-level travel time spent in this place.
 D = Time resting spent in this place.
 E = Time spent auto-exploring this place.
 F = Levels seen in this place.
 G = Mean time per level.
                   A        B        C        D        E       F      G
               +--------+--------+--------+--------+--------+-----+--------+
         Total |   4712 |   4602 |    110 |   2986 |      0 |   1 | 4712.0 |
       Dungeon |   4712 |   4602 |    110 |   2986 |      0 |   1 | 4712.0 |
               +--------+--------+--------+--------+--------+-----+--------+

Top non-repeatable levels by time:
       D: 4712 daAuts
